 Dungeon Crawl Stone Soup version 0.28-a0-850-g09de17f5b5 (webtiles) character file.

Game seed: 5774244179187405801

26 Crownlay the Insei (level 3, -2/24 HPs)
             Began as an Octopode Transmuter on Nov 13, 2021.
             Slain by a gnoll (8 damage)
             ... on level 2 of the Dungeon.
             The game lasted 00:01:59 (1191 turns).

Crownlay the Insei (Octopode Transmuter)            Turns: 1191, Time: 00:01:59

Health: -2/24      AC:  1    Str:  9    XL:     3   Next: 8%
Magic:  6/6        EV: 13    Int: 15    God:
Gold:   48         SH:  0    Dex: 13    Spells: 5/6 levels left

rFire   . . .      SeeInvis .   f - +1 dagger (venom)
rCold   . . .      Faith    .   (no shield)
rNeg    . . .      Spirit   .   (helmet restricted)
rPois   .          Reflect  .   (no amulet)
rElec   .          Harm     .   (no ring)
rCorr   .          Rampage  .   (no ring)
Will    .....                   (no ring)
Stlth   ++........              (no ring)
HPRegen 0.08/turn               (no ring)
MPRegen 0.10/turn               (no ring)
                                (no ring)
                                (no ring)

@: no status effects
A: almost no armour, amphibious, 8 rings, camouflage 1, gelatinous body 1,
(nimble swimmer 1), tentacles
a: no special abilities


You were on level 2 of the Dungeon.
You visited 1 branch of the dungeon, and saw 2 of its levels.

You collected 48 gold pieces.

Inventory:

Hand Weapons
 f - a +1 dagger of venom (weapon)
Missiles
 c - 6 silver javelins
Scrolls
 a - a scroll of noise {unknown}
 d - a scroll of amnesia {unknown}
 e - a scroll of enchant weapon {unknown}
Potions
 b - a potion of lignification {unknown}


   Skills:
 + Level 1.8 Fighting
 - Level 2.0 Dodging
 - Level 3.0 Unarmed Combat
 - Level 2.0 Spellcasting
 * Level 3.0 Transmutations


You had 5 spell levels left.
You knew the following spells:

 Your Spells              Type           Power      Damage    Failure   Level
a - Beastly Appendage     Tmut           20%        N/A       6%          1

Your spell library contained the following spells:

 Spells                   Type           Power      Damage    Failure   Level
 Wereblood                Tmut           10%        N/A       10%         2
 Spider Form              Tmut/Pois      6%         N/A       34%         3
 Ice Form                 Ice/Tmut       6%         N/A       75%         4


Dungeon Overview and Level Annotations

Branches:
Dungeon (2/15)

Altars:


Innate Abilities, Weirdness & Mutations

You cannot wear most types of armour.
You are amphibious.
You can wear up to eight rings at the same time.
Your skin changes colour to match your surroundings (Stealth+).
Your rubbery body absorbs attacks. (AC +1, EV +1)
((You are camouflaged near water. (Stealth+)))
You have tentacles for arms and can constrict up to eight enemies at once.


Message History

You hit the gnoll. Your grab misses the gnoll. Your squeeze misses the gnoll.
The gnoll is moderately wounded.
The gnoll barely misses you.
The gnoll shouts!
You barely miss the gnoll. You grab the gnoll.
The gnoll is moderately wounded.
You constrict the gnoll. The gnoll misses you. The gnoll barely misses you.
You hit the gnoll.
The gnoll is poisoned.
The gnoll is heavily wounded.
You constrict the gnoll. The gnoll hits you with a +0 spear.
The gnoll closely misses you.
You hit the gnoll but do no damage.
The gnoll looks as sick as possible!
You squeeze the gnoll, but do no damage.
The gnoll is severely wounded.
You constrict the gnoll. The gnoll closely misses you.
The gnoll hits you with a +0 flail!
Ouch! That really hurt!
* * * LOW HITPOINT WARNING * * *
You are too injured to fight recklessly!
You are too injured to fight recklessly!
You are too injured to fight recklessly!
You are too injured to fight recklessly!
You are too injured to fight recklessly!
You hit the gnoll. Your grab misses the gnoll.
The gnoll is lightly wounded.
You constrict the gnoll. The gnoll barely misses you. The gnoll misses you.
You hit the gnoll. You grab the gnoll.
The gnoll is moderately wounded.
You constrict the gnoll, but do no damage.
You constrict the gnoll.
You kill the gnoll!
The gnoll closely misses you.
Your Transmutations skill increases to level 3!
You have reached level 3!
Your experience leads to an increase in your attributes!
Increase (S)trength, (I)ntelligence, or (D)exterity?
You feel agile.
You release your grip on the gnoll.
The gnoll hits you from afar with a +0 spear!
You die...

####################
#<..................
####################
#....# #@##.# #g##.#
..(...)g##.#
##########.#
#.#...#.#
#.......#############
#...#................
###.#.###############
#####


You could see 2 gnolls.

Vanquished Creatures
  A gnoll (D:2)
  4 ball pythons (D:1)
  A hobgoblin (D:1)
  3 jackals (D:1)
  A kobold (D:1)
  A bat (D:1)
  A frilled lizard (D:1)
  2 goblins (D:1)
  A rat (D:1)
15 creatures vanquished.

Notes
Turn   | Place    | Note
-------+----------+-------------------------------------------
     0 | D:1      | Crownlay the Octopode Transmuter began the quest for the
                  | Orb.
     0 | D:1      | Reached XP level 1. HP: 13/13 MP: 3/3
   347 | D:1      | Reached XP level 2. HP: 18/18 MP: 5/5
  1191 | D:2      | Reached XP level 3. HP: 6/24 MP: 6/6
  1191 | D:2      | Slain by a gnoll

Illustrated notes

Levels and vault maps discovered:
D:1:      minmay_arrival_stair_chambers, layout_loops_corners
D:2:      layout_basic, shapermc_ecumenical_altar_mp_highgroup

Skill      XL: |  1  2 |
---------------+-------+-----
Transmutations | 3 |  3.0
Fighting       | |  1.8
Dodging        | |  2.0
Unarmed Combat | |  3.0
Spellcasting   | |  2.0

Action                   || total
-------------------------++-------
Melee: Unarmed           ||    17
       Constrict         ||     9
       Tentacles         ||     3
       Dagger            ||    13
Throw: Javelin           ||     2
 Stab: Sleeping          ||     3
Armor: Skin              ||     2
Dodge: Dodged            ||    20

Table legend: (Time is in decaauts)
 A = Elapsed time spent in this place.
 B = Non-inter-level travel time spent in this place.
 C = Inter-level travel time spent in this place.
 D = Time resting spent in this place.
 E = Time spent auto-exploring this place.
 F = Levels seen in this place.
 G = Mean time per level.
                   A        B        C        D        E       F      G
               +--------+--------+--------+--------+--------+-----+--------+
         Total |   1190 |   1176 |     14 |      0 |   1073 |   2 |  595.0 |
       Dungeon |   1190 |   1176 |     14 |      0 |   1073 |   2 |  595.0 |
               +--------+--------+--------+--------+--------+-----+--------+

Top non-repeatable levels by time:
     D:1: 1117 daAuts
     D:2: 72 daAuts
